 Dungeon Crawl Stone Soup version 0.23.0-3-gf3c87f2 (webtiles) character file.

Game seed: 15102663404825740953

4 scarywalker64 the Magician (level 1, -1/10 HPs)
             Began as a Gargoyle Wizard on Feb 21, 2019.
             Slain by a hobgoblin
             ... wielding a +0 club
              (3 damage)
             ... on level 1 of the Dungeon.
             The game lasted 00:01:28 (288 turns).

scarywalker64 the Magician (Gargoyle Wizard)         Turns: 288, Time: 00:01:29

Health: -1/10      AC:  4    Str: 10    XL:     1   Next: 70%
Magic:  9/13       EV: 12    Int: 18    God:
Gold:   0          SH:  0    Dex:  8    Spells: 5/6 levels left

rFire    . . .     SeeInvis .   b - +0 spear
rCold    . . .     Gourm    .   (no shield)
rNeg     + . .     Faith    .   a - +0 robe
rPois    ∞         Spirit   .   (no helmet)
rElec    +         Reflect  .   (no cloak)
rCorr    .         Harm     .   (no gloves)
MR       .....                  (no boots)
Stlth    ++........             (no amulet)
HPRegen  0.03/turn              f - ring of magical power
MPRegen  0.13/turn              (no ring)

@: no status effects
A: negative energy resistance 1, electricity resistance, unbreathing,
petrification resistance, rot immunity, AC +2
a: no special abilities


You were on level 1 of the Dungeon.
You were not hungry.

You visited 1 branch of the dungeon, and saw 1 of its levels.

Inventory:

Hand Weapons
 b - a +0 spear (weapon)
Armour
 a - a +0 robe (worn)
Jewellery
 f - a ring of magical power (left hand)
Scrolls
 e - 2 scrolls of identify {unknown}
 g - 2 scrolls of remove curse {unknown}
 i - a scroll of enchant armour {unknown}
Potions
 h - a potion of might {unknown}
Comestibles
 c - 2 chunks of flesh
 d - a ration


   Skills:
 + Level 1.7 Dodging
 + Level 2.1 Stealth
 * Level 3.1 Spellcasting
 + Level 1.3 Conjurations
   Level 0.8 Summonings
   Level 0.8 Translocations


You had 5 spell levels left.
You knew the following spells:

 Your Spells              Type           Power        Failure   Level  Hunger
a - Magic Dart            Conj           #...         10%         1    None

Your spell library contained the following spells:

 Spells                   Type           Power        Failure   Level  Hunger
 Blink                    Tloc           N/A          17%         2    ##.....
 Call Imp                 Summ           #.......     17%         2    ##.....
 Slow                     Hex            #.......     24%         2    ##.....
 Conjure Flame            Conj/Fire      #.......     36%         3    ###....
 Mephitic Cloud           Conj/Pois/Air  #.......     38%         3    ###....


Dungeon Overview and Level Annotations

Branches:
Dungeon (1/15)

Altars:


Innate Abilities, Weirdness & Mutations

You are resistant to torment.
Your stone body is resilient. (AC +2)
You are immune to poison.
You resist negative energy. (rN+)
You are resistant to electric shocks. (rElec)
You can survive without breathing.
You are immune to petrification.
You are immune to rotting.


Message History

You are too injured to fight recklessly!
You are too injured to fight recklessly!
You are too injured to fight recklessly!
You are too injured to fight recklessly!
You are too injured to fight recklessly!
Casting: Magic Dart (safe; 10% risk of failure)
Confirm with . or Enter, or press ? or * to list all spells.
Aiming: Magic Dart (safe; 10% risk of failure)
Press: ? - help, Shift-Dir - straight line, f - hobgoblin
Aim: a hobgoblin, wielding a +0 club (heavily wounded)
The magic dart hits the hobgoblin.
The hobgoblin is severely wounded.
You closely miss the hobgoblin.
The hobgoblin is severely wounded.
The hobgoblin hits you with a +0 club.
* * * LOW HITPOINT WARNING * * *
You closely miss the hobgoblin.
The hobgoblin is severely wounded.
The hobgoblin hits you with a +0 club.
You die...

..# #w# #.# #.# ### #.# #.. #.#
#.####. #### ###### #g# #......
...# #....# #@##########...###
...# #....# #$................
...# #....##+###.......####..###.
...###........###.#..............
...............##.#.#.#####..#.#.
######............#.#..........#
###.......#.....)....#....#
#.......#.............#.#
..........#............(..#


You could see a dart slug (sleeping) and a hobgoblin.

Vanquished Creatures
  A giant cockroach (D:1)
  A hobgoblin (D:1)
  A kobold (D:1)
  2 rats (D:1)
5 creatures vanquished.

Notes
Turn   | Place    | Note
-------+----------+-------------------------------------------
     0 | D:1      | scarywalker64 the Gargoyle Wizard began the quest for the
                  | Orb.
     0 | D:1      | Reached XP level 1. HP: 10/10 MP: 4/4
     0 | D:1      | Noticed a large abomination
     1 | D:1      | Noticed an orb of fire
     3 | D:1      | Noticed an orb of fire
     5 | D:1      | Noticed a green draconian
     6 | D:1      | Noticed an ice dragon
     8 | D:1      | Noticed a large abomination
    10 | D:1      | Noticed a golden dragon
    12 | D:1      | Noticed a golden dragon
    13 | D:1      | Noticed an orb of fire
    15 | D:1      | Noticed an ice dragon
    19 | D:1      | Noticed a shadow dragon
    19 | D:1      | Noticed an ice dragon
   288 | D:1      | Slain by a hobgoblin

Action                   || total
-------------------------++-------
Melee: Spear             ||    24
       Unarmed           ||    10
 Cast: Magic Dart        ||     7
 Stab: Sleeping          ||     1
Armor: Robe              ||    11
Dodge: Dodged            ||    15
